 Dungeon Crawl Stone Soup version 0.30-b1-2-g02819fbbbe (webtiles) character file.

Game seed: 4290483417745483476

406 MisterFreud the Nimble (level 6, 0/28 HPs)
             Began as a Felid Berserker on Aug 21, 2023.
             Was a Believer of Trog.
             Slain by an ogre
             ... wielding a +0 giant club
              (20 damage)
             ... on level 6 of the Dungeon.
             The game lasted 00:04:30 (5155 turns).

MisterFreud the Nimble (Felid Berserker)            Turns: 5155, Time: 00:04:31

Health: 0/28       AC:  2    Str: 13    XL:     6   Next: 56%
Magic:  7/7        EV: 23    Int:  8    God:    Trog [**....]
Gold:   258        SH:  0    Dex: 18    Spells: 5/5 levels left
                                        Lives:  0   Deaths: 2

rFire   . .          .
                       - Unarmed
rCold   . . .        (shield unavailable)
rNeg    . . .        (body armour unavailable)
rPois   .            (helmet unavailable)
rElec   .            (cloak unavailable)
rCorr   .            (gloves unavailable)
SInv    +            (boots unavailable)
Will    .....        (no amulet)
Stlth   +++          (no ring)
HPRegen 0.24/turn    (no ring)
MPRegen 0.10/turn

%: no passive effects
@: on berserk cooldown, slowed, slow
A: very small, claws 1, fangs 3, see invisible, speed 1, shaggy fur 2, stealthy
paws, no weapons or thrown items, no armour, multi-lived
a: Renounce Religion, Berserk, Trog's Hand


You were on level 6 of the Dungeon.
You worshipped Trog.
Trog was pleased with you.
You visited 1 branch of the dungeon, and saw 6 of its levels.

You collected 258 gold pieces.

Inventory:

Jewellery
 a - a +4 ring of protection
Scrolls
 d - 4 scrolls of teleportation
 g - a scroll of fear
 i - a scroll of silence
 j - a scroll of fog
 l - a scroll of poison {unknown}
Potions
 b - a potion of haste
 c - a potion of attraction
 e - a potion of degeneration {unknown}
 f - a potion of heal wounds
 h - a potion of berserk rage {unknown}
 k - a potion of might {unknown}
 m - a potion of brilliance {unknown}
 n - a potion of flight {unknown}


   Skills:
 - Level 3.1 Fighting
 + Level 8.8 Dodging
 - Level 6.0 Stealth
 - Level 6.0 Unarmed Combat


You had 5 spell levels left.
You didn't know any spells.
Your spell library was empty.

Dungeon Overview and Level Annotations

Branches:
Dungeon (6/15)             Temple (0/1) D:5

Altars:
Gozag
Nemelex Xobeh
Okawaru
Uskayaw
Vehumet
Xom
Zin

Shops:
D:5 *   D:6 (


Innate Abilities, Weirdness & Mutations

You have sharp claws.
You have razor-sharp teeth.
You have supernaturally acute eyesight. (SInv)
You cover ground quickly. (Speed+)
You are covered in thick fur. (AC +2)
Your paws help you pounce on unaware monsters.
You are incapable of wielding weapons or throwing items.
You cannot wear armour.
You gain extra lives every three experience levels.


Message History

The gnoll is heavily wounded.
The orc closely misses you. The gnoll closely misses you.
You barely miss the gnoll.
The gnoll is heavily wounded.
The orc closely misses you. The gnoll barely misses you. The orc misses you.
You scratch the gnoll.
The gnoll is severely wounded.
The gnoll misses you.
The orc hits you from afar with a +0 trident.
The gnoll barely misses you.
You barely miss the gnoll.
The gnoll is severely wounded.
The orc completely misses you. The gnoll barely misses you.
You scratch the gnoll.
You kill the gnoll!
Trog accepts your kill.
The orc hits you from afar with a +0 trident.
The orc misses you. The ogre misses you.
You scratch the ogre.
The ogre is lightly wounded.
The orc hits you from afar with a +0 trident.
The ogre misses you.
You scratch the ogre. You bite the ogre.
The ogre is moderately wounded.
The orc misses you. The orc barely misses you. The ogre completely misses you.
You scratch the ogre.
The ogre is heavily wounded.
The orc misses you.
You scratch the ogre.
The ogre is severely wounded.
The ogre completely misses you. The orc misses you.
You scratch the ogre.
The ogre is almost dead.
The ogre barely misses you. The orc completely misses you.
The orc closely misses you.
You barely miss the ogre.
The ogre is almost dead.
The ogre hits you with a +0 giant club!!
Ouch! That really hurt!
You die...

#... .. .o.. ...
g##.'g'## #..
....'∩'. #.. ...gg
'###
#.###....#...[
#...#.# .#..#
#.....# ...
#..#####.#####
##..))@Oo....#
...###..########.#
.................
...#####.########
+ #.# #.# #.# #.#
#.# #####+#


You could see an ogre and an orc.

Vanquished Creatures
  An ice beast (D:5)
  An ogre (D:5)
  2 black bears
  A phantom (D:6)
  A scorpion (D:5)
  A gnoll bouda (D:6)
  A jelly (D:4)
  An orc priest (D:3)
  4 hounds
  2 iguanas
  An orc wizard (D:6)
  7 gnolls
  2 adders (D:2)
  An ufetubus (D:6)
  A worm (D:5)
  A dart slug (D:1)
  6 orcs
  3 ball pythons
  7 bats
  6 endoplasms
  3 giant cockroaches
  5 goblins
  8 hobgoblins
  3 jackals (D:1)
  4 quokkas
  A frilled lizard (D:2)
  8 kobolds
  A rat (D:1)
83 creatures vanquished.

Vanquished Creatures (others)
  4 toadstools (D:1)
4 creatures vanquished.

Grand Total: 87 creatures vanquished

Notes
Turn   | Place    | Note
-------+----------+-------------------------------------------
     0 | D:1      | MisterFreud the Felid Berserker began the quest for the
                  | Orb.
     0 | D:1      | Reached XP level 1. HP: 10/10 MP: 2/2
   316 | D:1      | Reached XP level 2. HP: 14/14 MP: 3/3
   383 | D:1      | Reached skill level 1 in Stealth
  1057 | D:2      | Reached XP level 3. HP: 17/17 MP: 4/4
  1093 | D:2      | Reached ** piety under Trog
  1914 | D:3      | Found Zunkev's Antique Weapon Boutique.
  1994 | D:3      | Noticed a black bear
  2002 | D:3      | Killed a black bear
  2003 | D:3      | Reached XP level 4. HP: 17/21 MP: 5/5
  2003 | D:3      | Reached XP level 5. HP: 20/24 MP: 6/6
  2675 | D:3      | Reached skill level 5 in Stealth
  3239 | D:4      | Found an opulent altar of Gozag.
  3343 | D:4      | Found a sparkling altar of Nemelex Xobeh.
  3530 | D:4      | Found an iron altar of Okawaru.
  3567 | D:4      | Reached skill level 5 in Unarmed Combat
  3833 | D:4      | Gained mutation: You are covered in thick fur. (AC +2)
                  | [Felid growth]
  3833 | D:4      | Reached XP level 6. HP: 28/28 MP: 7/7
  3968 | D:5      | Entered Level 5 of the Dungeon
  4057 | D:5      | HP: 2/42 [scorpion (1)]
  4192 | D:5      | Noticed an ice beast
  4200 | D:5      | Killed an ice beast
  4201 | D:5      | Reached skill level 5 in Dodging
  4264 | D:5      | Reached skill level 6 in Dodging
  4264 | D:5      | Reached XP level 7. HP: 5/31 MP: 8/8
  4382 | D:5      | Found a shimmering altar of Xom.
  4519 | D:5      | Found a radiant altar of Vehumet.
  4552 | D:5      | Reached skill level 7 in Dodging
  4569 | D:5      | Found a hide-covered altar of Uskayaw.
  4630 | D:5      | Slain by an ogre
  4631 | D:5      | Reached XP level 6. HP: -4/42 MP: 7/7
  4665 | D:5      | Found a staircase to the Ecumenical Temple.
  4743 | D:5      | Found Zin's Purification Station.
  4747 | D:5      | Found a glowing silver altar of Zin.
  4949 | D:6      | Noticed an orc warrior
  4958 | D:6      | Slain by an orc warrior
  4959 | D:6      | Reached XP level 5. HP: -2/24 MP: 6/6
  5002 | D:6      | Noticed a phantom
  5013 | D:6      | Killed a phantom
  5014 | D:6      | Reached skill level 8 in Dodging
  5014 | D:6      | Reached XP level 6. HP: 28/28 MP: 7/7
  5105 | D:6      | Found Vytony's Weapon Boutique.
  5155 | D:6      | Slain by an ogre

Illustrated notes

Levels and vault maps discovered:
D:1:      ldierk_walled_garden_2, layout_basic
D:2:      layout_basic
D:3:      layout_loops_ring, serial_shops, shop, serial_co_window_serial,
          co_window_paths_a, co_window_paths_b, co_window_corner_a,
          co_window_corner_a, co_window_of_opportunity_a, co_window_corner_ca,
          co_window_paths_c, co_window_unsneaky_path_d,
          co_window_of_opportunity_c, co_window_cross_2, co_window_broadway_c,
          co_window_paths_e, co_window_sun, glass_columns_b, glass_columns_a,
          glass_columns_b, glass_columns_b, chequers_serial_rivers_large_b
D:4:      layout_loops_corners, mainiacjoe_overflow_surrounded_room,
          nemelex_spade_bored_becter, grunt_gozag_breadcrumbs, minivault_24
D:5:      layout_cave_pools, tgw_xom, mainiacjoe_overflow_alcove_1, zin_purify,
          nicolae_vehumet_altar_sigil, minmay_temple_entry_fiery,
          serial_bayou_crossing
D:6:      layout_basic, mainiacjoe_overflow_boulevard,
          nicolae_ru_sacrificial_ziggurat, serial_shops,
          nicolae_shop_tiny_real_fake_doors

Skill      XL: |  1  2  3  4  5  6  7 |
---------------+----------------------+-----
Stealth        | 2 4 5 6 |  6.0
Unarmed Combat | 4 5 6 |  6.0
Dodging        | 8 6 7 |  8.8
Fighting       | |  3.1

Action                     |  1- 3 |  4- 6 |  7- 9 || total
---------------------------+-------+-------+-------++-------
  Melee: Unarmed           |    95 |   118 |    34 ||   247
         Punch             |     1 |     3 |     1 ||     5
         Bite              |    11 |    15 |     5 ||    31
 Invoke: Berserk           |     1 |     6 |     1 ||     8
         Trog's Hand       |       |     1 |       ||     1
    Use: Scroll            |     8 |     3 |       ||    11
         Potion            |       |     3 |       ||     3
   Stab: Sleeping          |    10 |     5 |     1 ||    16
         Distracted        |       |     1 |       ||     1
 Armour: Skin              |     1 |    12 |     4 ||    17
  Dodge: Dodged            |    75 |   133 |    50 ||   258
